 Dungeon Crawl Stone Soup version 0.30.1-9-gdf580d7c3d (webtiles) character file.

Game seed: 11157049829527303313

131077 Amplified the Exorcist (level 17, -7/117 HPs)
             Began as a Hill Orc Hexslinger on Oct 5, 2023.
             Was an Elder of the Shining One.
             Mangled by a ten-headed hydra (shapeshifter) (9 damage)
             ... on level 2 of the Abyss on Oct 6, 2023.
             The game lasted 00:36:04 (31689 turns).

Amplified the Exorcist (Hill Orc Hexslinger)       Turns: 31689, Time: 00:36:05

Health: -7/117     AC:  9    Str: 21      XL:     17   Next: 9%
Magic:  8/24       EV: 11    Int:  9      God:    the Shining One [****..]
Gold:   2818       SH: 13    Dex:  6 (7)  Spells: 17/18 levels left

rFire   . . .        f - +5 war axe (venom)
rCold   + + +        T - +2 kite shield {reflect}
rNeg    + + +        L - +4 skin of Zhor {*Englaciate rC+++ SInv}
rPois   .            W - +2 helmet {SInv}
rElec   +            K - scarf {rC+ rF+}
rCorr   .            (no gloves)
SInv    +            (no boots)
Will    ++...        O - amulet of Qoasch {Acrobat rElec rN+}
Stlth   +            o - ring of willpower
HPRegen 0.39/turn    h - +4 ring of slaying
MPRegen 0.19/turn

%: random rage (9%), reflection, acrobat
@: mighty, hasted, glowing, unable to read, very quick
A: cold resistance 1, heat vulnerability 1, subdued magic 1, [berserk 2],
[clumsy 2], [deformed body], [deterioration 2], [dopey 2], [frail 3], [low MP
2], [screaming 2], ([teleportitis 2]), [no potion heal 2], [inability to read
after injury 2]
a: Renounce Religion, Divine Shield, Cleansing Flame


You were on level 2 of the Abyss.
You worshipped the Shining One.
The Shining One was greatly pleased with you.
You visited 5 branches of the dungeon, and saw 25 of its levels.
You visited the Abyss 1 time.
You also visited: Ice Cave.

You collected 5332 gold pieces.
You spent 2514 gold pieces at shops.

Inventory:

Hand Weapons
 f - a +5 war axe of venom (weapon)
 E - a +2 scimitar of flaming
 N - a +2 lajatang of freezing
Missiles
 v - 17 poisoned darts
 B - 7 throwing nets (quivered)
 Q - 6 curare-tipped darts
Armour
 u - the +3 scale mail of the Valley {Dex+3 Slay+4}
   (You bought it in a shop on level 2 of the Orcish Mines)

   Dex:       It affects your dexterity (+3).
   Slay:      It affects your accuracy & damage with ranged weapons and melee
   (+4).
 G - the +0 cloak "Goreipt" {Int+3 Dex-2 Slay+3}
   (You found it on level 15 of the Dungeon)

   Int:       It affects your intelligence (+3).
   Dex:       It affects your dexterity (-2).
   Slay:      It affects your accuracy & damage with ranged weapons and melee
   (+3).
 I - a +0 crystal plate armour of cold resistance
 K - a scarf of resistance (worn)
 L - the +4 skin of Zhor (worn) {*Englaciate rC+++ SInv}
   (You found it in an ice cave)

   *Englaciate: It radiates cold, occasionally slowing all nearby creatures who
   are not resistant to cold.
   rC:        It renders you almost immune to cold.
   SInv:      It lets you see invisible.
 T - a +2 kite shield of reflection (worn)
 W - a +2 helmet of see invisible (worn)
Jewellery
 h - a +4 ring of slaying (right hand)
 n - a ring of flight
 o - a ring of willpower (left hand)
 J - a ring of poison resistance
 O - the amulet of Qoasch (around neck) {Acrobat rElec rN+}
   (You found it on level 15 of the Dungeon)

   [amulet of the acrobat]

   It increases your evasion while moving and waiting.
   rElec:     It insulates you from electricity.
   rN:        It protects you from negative energy.
 U - a ring of see invisible
 V - a ring of resist corrosion
Wands
 a - a wand of charming (13)
 m - a wand of digging (3)
 w - a wand of light (4)
 y - a wand of flame (17)
 R - a wand of mindburst (9)
 S - a wand of roots (9)
 Y - a wand of polymorph (7)
Scrolls
 b - 2 scrolls of poison
 e - a scroll of enchant weapon
 i - 6 scrolls of blinking
 q - 12 scrolls of identify
 t - 4 scrolls of magic mapping
 x - a scroll of amnesia
 z - 12 scrolls of teleportation
 A - 3 scrolls of noise
 H - 6 scrolls of fear
 M - 3 scrolls of fog
Potions
 c - 6 potions of ambrosia
 d - 5 potions of resistance
 g - 4 potions of lignification
 j - 6 potions of degeneration
 k - 2 potions of magic
 l - 3 potions of flight
 p - a potion of brilliance
 r - a potion of haste
 s - 8 potions of attraction
 C - 4 potions of heal wounds
 D - 5 potions of cancellation
 P - 6 potions of curing
Miscellaneous
 F - a phantom mirror


   Skills:
 - Level 19.6 Fighting
 - Level 16.3 Axes
 - Level 1.7 Ranged Weapons
 * Level 9.1 Armour
 * Level 3.0 Dodging
 * Level 14.4 Shields
 - Level 1.0 Spellcasting
 - Level 3.0 Hexes
 - Level 19.9 Invocations


You had 17 spell levels left.
You knew the following spells:

 Your Spells              Type           Power      Damage    Failure   Level
a - Slow                  Hex            16%        N/A       14%         1

Your spell library contained the following spells:

 Spells                   Type           Power      Damage    Failure   Level
 Confusing Touch          Hex            4%         N/A       41%         3
 Apportation              Tloc           0%         N/A       45%         1
 Kiss of Death            Conj/Necr      0%         2d5       45%         1
 Necrotise                Necr           0%         1d4       45%         1
 Sting                    Tmut/Pois      0%         1d3       45%         1
 Summon Small Mammal      Summ           0%         N/A       45%         1
 Blink                    Tloc           0%         N/A       61%         2
 Lesser Beckoning         Tloc           0%         N/A       61%         2
 Momentum Strike          Conj/Tloc      0%         3d8       61%         2
 Poisonous Vapours        Pois/Air       0%         N/A       61%         2
 Dazzling Flash           Conj/Hex       4%         N/A       63%         3
 Inner Flame              Hex/Fire       2%         N/A       63%         3
 Portal Projectile        Hex/Tloc       4%         N/A       63%         3
 Frozen Ramparts          Ice            0%         1d1       83%         3
 Gell's Gravitas          Tloc           0%         N/A       83%         3
 Teleport Other           Tloc           0%         N/A       83%         3
 Cause Fear               Hex            2%         N/A       83%         4
 Leda's Liquefaction      Hex/Erth       1%         N/A       96%         4
 Dispel Undead            Necr           0%         3d6       99%         4
 Ice Form                 Ice/Tmut       0%         N/A       99%         4
 Olgreb's Toxic Radiance  Pois           0%         N/A       99%         4
 Summon Ice Beast         Ice/Summ       0%         N/A       99%         4
 Lee's Rapid Deconstruct  Erth           0%         3d4*      100%        5
 Summon Forest            Summ/Tloc      0%         N/A       100%        5
 Summon Mana Viper        Hex/Summ       2%         N/A       100%        5
 Dispersal                Tloc           0%         N/A       100%        6
 Eringya's Noxious Bog    Tmut/Pois      0%         N/A       100%        6
 Simulacrum               Ice/Necr       0%         N/A       100%        6
 Statue Form              Tmut/Erth      0%         N/A       100%        6
 Ozocubu's Refrigeration  Ice            0%         4d7       100%        7
 Summon Hydra             Summ           0%         N/A       100%        7
 Polar Vortex             Ice            0%         N/A       100%        9


Dungeon Overview and Level Annotations

Branches:
Dungeon (15/15)            Temple (0/1) D:7            Lair (5/5) D:11
 Shoals (0/4) Lair:3        Snake (2/4) Lair:3        Slime (0/5) Lair:4
    Orc (2/2) D:12            Elf (1/3) Orc:2        Vaults (0/5) D:13
 Depths (0/4) D:15          IceCv (visited)

Altars:
Ashenzari
Cheibriados
Dithmenos
Elyvilon
Fedhas
Gozag
Hepliaklqana
Kikubaaqudgha
Nemelex Xobeh
Qazlal
Ru
Sif Muna
Trog
Uskayaw
Vehumet
Wu Jian
Yredelemnul
Zin
The Shining One
Beogh

Shops:
D:3 *   Orc:2 **=?[   Snake:1 [:(

Portals:
Pandemonium: Orc:2

Annotations:
Lair:4 1 runed translucent door
Snake:2 3 runed translucent doors


Innate Abilities, Weirdness & Mutations

Your flesh is cold resistant. (rC+)
You are vulnerable to heat. (rF-)
Your spells are a little easier to cast, but a little less powerful.
[You have an uncontrollable temper.]
[You are very clumsy. (Dex -4)]
[Armour fits poorly on your strangely shaped body.]
[Your body often deteriorates upon taking damage.]
[You are very dopey. (Int -4)]
[You are extremely frail. (-30% HP)]
[Your magical capacity is very low. (-20% MP)]
[You frequently scream uncontrollably at your foes.]
[((You are often teleported next to monsters.))]
[Potions cannot restore your health.]
[You sometimes lose the ability to read scrolls when taking damage.]


Message History

The nine-headed hydra closely misses you.
The nine-headed hydra bites you!
You block the nine-headed hydra's attack.
The nine-headed hydra bites you but does no damage.
You block the nine-headed hydra's attack.
The nine-headed hydra bites you but does no damage.
You hear a croak.
You hear a roar!
You slice one of the nine-headed hydra's heads off!
The eight-headed hydra grows two more!
You slice the ten-headed hydra!!
The ten-headed hydra looks as sick as possible!
The ten-headed hydra is heavily wounded.
A blink frog comes into view.
Unknown command.
The ten-headed hydra bites you!
* * * LOW HITPOINT WARNING * * *
You block the ten-headed hydra's attack. x2
The ten-headed hydra misses you. The ten-headed hydra barely misses you.
The ten-headed hydra completely misses you.
The ten-headed hydra closely misses you. x2
You block the ten-headed hydra's attack. x2
The ynoxinul gestures.
Unknown command.
Unknown command.
Unknown command.
Okay, then.
You feel yourself speed up. The ten-headed hydra bites you!
* * * LOW HITPOINT WARNING * * *
The ten-headed hydra bites you.
* * * LOW HITPOINT WARNING * * *
The ten-headed hydra closely misses you.
The ten-headed hydra bites you.
* * * LOW HITPOINT WARNING * * *
You block the ten-headed hydra's attack.
The ten-headed hydra closely misses you.
The ten-headed hydra bites you but does no damage.
The ten-headed hydra bites you!
* * * LOW HITPOINT WARNING * * *
You block the ten-headed hydra's attack.
The ten-headed hydra bites you!
You die...

#### #. . ..###
... ..# . .. #
#... # ##. .. ...
#_# . .#. ###@###
# . .###.#D#.##.#
#.#..##F.F...3.#
#.....#.#.#5.#5.#
... .#...#5.# #
.. .. ##..#...#
... #. ##...#....
. #.#.. ## ..
####. # . #.
#..### .#


You could see a ten-headed hydra shaped shifter (very poisoned), a blink frog, a
quasit and an ufetubus (summoned).

Vanquished Creatures
  A bone dragon (Abyss:2)
  A tentacled starspawn (Abyss:2)
  A deep elf sorcerer (Elf:1)
  The ghost of Ytuir the Bringer of Law, an adept KoGl of Zin (D:15)
  The ghost of Bouty the Brawler, a journeyman TrMo of Makhleb (D:12)
  The ghost of tish the Fighter, a journeyman OpFi of Gozag (Orc:2)
  A deep elf death mage (Elf:1)
  An ettin (Orc:1)
  A fire dragon (D:14)
  A salamander tyrant (Snake:2)
  A hydra (Lair:3)
  Harold (D:9)
  A vault guard (D:13)
  A centaur warrior (D:14)
  Erica (D:10)
  A catoblepas (Lair:4)
  3 demonspawn (Orc:2)
  3 dancing weapons (Elf:1)
  4 anacondas
  5 two-headed ogres
  2 naga warriors (Snake:2)
  3 tengu warriors
  5 death yaks
  2 shock serpents
  3 naga sharpshooters
  9 orc high priests (Orc:2)
  A deep elf knight (Elf:1)
  Sonja (D:11)
  A wretched star (Abyss:2)
  A sun demon (Orc:2)
  2 skysharks
  5 skeletal warriors (D:13)
  Lodul (D:11)
  A sixfirhy (Abyss:2)
  A sea snake (Snake:1)
  2 bog bodies (IceCv)
  A wolf spider zombie (D:15)
  2 wizards (D:15)
  5 orc knights
  2 deep elf archers (Elf:1)
  A naga ritualist (Snake:2)
  7 deep elf pyromancers
  A necromancer (D:15)
  6 ugly things
  2 starcursed masses (Abyss:2)
  6 deep elf zephyrmancers (Elf:1)
  6 mana vipers
  3 orc sorcerers (Orc:2)
  5 cyclopes
  2 manticores (D:13)
  12 elephants
  7 salamanders (Snake:2)
  A moth of wrath (shapeshifter) (D:15)
  2 moths of wrath (D:12)
  14 black mambas
  A torpor snail (Lair:1)
  A rust devil (Orc:2)
  3 gargoyles
  5 naga magi
  2 guardian serpents
  A smoke demon (Orc:2)
  An ice statue (IceCv)
  7 komodo dragons
  A freezing wraith (D:15)
  3 yaktaurs (D:13)
  7 cane toads
  2 tengu conjurers (D:14)
  A polar bear (shapeshifter) (D:13)
  2 anaconda simulacra (IceCv)
  5 trolls
  7 hornets
  5 polar bears
  The ghost of Ancymon the Covered, an amateur MiFi (D:5)
  Prince Ribbit (D:5)
  8 blink frogs (Lair:3)
  3 slime creatures (D:14)
  A centaur simulacrum (D:15)
  2 shadows (D:12)
  A water elemental (Elf:1)
  15 spriggans (Lair:5)
  4 wraiths
  A vampire (D:11)
  7 wyverns
  A dire elephant simulacrum (IceCv)
  64 yaks
  4 golden eyes (Abyss:2)
  3 basilisks
  A chaos spawn (Orc:2)
  2 death yak simulacra (IceCv)
  A redback simulacrum (D:14)
  A neqoxec (Orc:2)
  5 vampire mosquitoes
  14 nagas
  A warg (Orc:2)
  2 harpy simulacra
  An acid dragon (D:9)
  Duvessa (D:6)
  16 water moccasins
  2 hydra simulacra (IceCv)
  29 orc warriors
  A sky beast (D:4)
  6 black bears
  17 ogres
  3 boggarts (Lair:5)
  4 centaurs
  A centaur (shapeshifter) (D:15)
  17 wolves (Lair:5)
  3 phantoms
  2 kobold brigands
  7 bullfrogs
  2 earth elementals (Elf:1)
  A cane toad simulacrum (IceCv)
  5 two-headed ogre simulacra (IceCv)
  6 gnoll sergeants
  4 scorpions
  4 wights
  Dowan (D:6)
  4 elephant simulacra (IceCv)
  6 killer bees (D:8)
  A troll zombie (D:12)
  An electric eel (Snake:1)
  3 howler monkeys
  A quasit (Abyss:2)
  5 hounds
  A gnoll bouda (D:7)
  17 orc priests
  Crazy Yiuf (D:3)
  An iron imp (Abyss:2)
  2 sleepcaps
  4 iguanas
  16 orc wizards
  2 polar bear simulacra (IceCv)
  9 spriggan simulacra (IceCv)
  7 troll simulacra (IceCv)
  2 wolf simulacra (IceCv)
  5 ogre zombies (D:12)
  26 gnolls
  A naga simulacrum (IceCv)
  5 adders
  3 shadow imps
  8 white imps
  2 ufetubi (IceCv)
  4 worms
  4 dart slugs
  56 orcs
  11 endoplasms
  3 giant cockroaches
  2 goblins
  8 hobgoblins
  17 kobolds
  A quokka (D:3)
  6 ball pythons
  8 bats
  3 frilled lizards
  A goblin zombie (D:12)
  A hobgoblin skeleton (D:12)
  2 hobgoblin zombies (D:12)
  15 orc zombies (D:12)
  2 rats
763 creatures vanquished.

Vanquished Creatures (collateral kills)
  4 liches (D:15)
  Snorg (D:14)
  A hydra (D:14)
  A two-headed ogre (D:12)
  A tengu warrior (D:14)
  A troll (D:12)
  2 vampire mosquitoes (D:14)
11 creatures vanquished.

Vanquished Creatures (others)
  2 deep elf pyromancers
  An orc wizard (D:7)
  4 orcs (D:7)
  4 starspawn tentacles (Abyss:2)
11 creatures vanquished.

Grand Total: 785 creatures vanquished

Notes
Turn   | Place    | Note
-------+----------+-------------------------------------------
     0 | D:1      | Amplified the Hill Orc Hexslinger began the quest for the
                  | Orb.
     0 | D:1      | Reached XP level 1. HP: 16/16 MP: 2/2
    64 | D:1      | Reached XP level 2. HP: 25/25 MP: 3/3
   375 | D:1      | Reached XP level 3. HP: 26/31 MP: 4/4
   560 | D:2      | Gained mutation: [You occasionally lose the ability to read
                  | scrolls when taking damage.] [potion of mutation]
   560 | D:2      | Gained mutation: You are partially covered in large bone
                  | plates. (SH +4) [potion of mutation]
  1141 | D:2      | Reached XP level 4. HP: 41/41 MP: 5/5
  1784 | D:3      | Found an opulent altar of Gozag.
  1787 | D:3      | Reached skill level 5 in Fighting
  1787 | D:3      | Found Gozag's Platinum Reserve.
  2624 | D:3      | Found a runed translucent door.
  2625 | D:3      | Noticed Crazy Yiuf
  2736 | D:4      | Found a basalt altar of Yredelemnul.
  2855 | D:4      | Found a blossoming altar of Fedhas.
  3016 | D:4      | Reached XP level 5. HP: 47/50 MP: 6/6
  3102 | D:4      | Found a glowing silver altar of Zin.
  3106 | D:4      | Found a shimmering blue altar of Sif Muna.
  3109 | D:4      | Found a broken altar of Ashenzari.
  3112 | D:4      | Found a hide-covered altar of Uskayaw.
  3242 | D:4      | Found a glowing golden altar of the Shining One.
  3315 | D:4      | Noticed a sky beast
  3326 | D:4      | Killed a sky beast
  3327 | D:4      | Reached XP level 6. HP: 50/60 MP: 3/7
  3352 | D:4      | Became a worshipper of the Shining One
  3781 | D:5      | Entered Level 5 of the Dungeon
  3882 | D:5      | Reached skill level 1 in Invocations
  3888 | D:5      | Noticed Prince Ribbit
  3907 | D:5      | Killed Prince Ribbit
  3908 | D:5      | Reached XP level 7. HP: 51/68 MP: 7/9
  4255 | D:6      | Noticed Dowan
  4257 | D:6      | Noticed Duvessa
  4292 | D:5      | Reached * piety under the Shining One
  4548 | D:5      | Found a runed translucent gate.
  4548 | D:5      | Found a runed translucent gate.
  4548 | D:5      | Found a runed translucent gate.
  4549 | D:5      | Noticed Ancymon's ghost (amateur MiFi)
  4554 | D:5      | Reached skill level 5 in Invocations
  4574 | D:5      | You fall into a shaft and drop 2 floors!
  4709 | D:7      | Reached XP level 8. HP: 29/78 MP: 10/12
  5018 | D:7      | Reached skill level 1 in Axes
  5401 | D:8      | Lost mutation: [You occasionally lose the ability to read
                  | scrolls when taking damage.] [potion of mutation]
  5401 | D:8      | Lost mutation: You are partially covered in large bone
                  | plates. (SH +4) [potion of mutation]
  5401 | D:8      | Gained mutation: You expend magic power (3 MP) to
                  | strengthen your wands. [potion of mutation]
  5401 | D:8      | Gained mutation: You occasionally lose the ability to drink
                  | potions when taking damage. [potion of mutation]
  5401 | D:8      | Gained mutation: You have sharp toenails. [potion of
                  | mutation]
  5573 | D:8      | Noticed a yak
  5574 | D:8      | Noticed a yak
  5593 | D:8      | Noticed a yak
  5599 | D:8      | Killed a yak
  5604 | D:8      | Killed a yak
  5605 | D:8      | Reached skill level 10 in Fighting
  5611 | D:8      | Killed a yak
  5612 | D:8      | Reached XP level 9. HP: 49/85 MP: 11/14
  5825 | D:8      | Reached skill level 5 in Axes
  6239 | D:8      | Found a hazy altar of Hepliaklqana.
  6459 | D:7      | Found a radiant altar of Vehumet.
  6512 | D:7      | Found a staircase to the Ecumenical Temple.
  6628 | D:7      | Found a sacrificial altar of Ru.
  6836 | D:7      | Found a snail-covered altar of Cheibriados.
  7329 | D:3      | Killed Crazy Yiuf
  8204 | D:6      | Killed Dowan
  8208 | D:6      | Killed Duvessa
  8286 | D:6      | Reached XP level 10. HP: 92/96 MP: 17/17
  8824 | D:9      | Reached skill level 10 in Invocations
  8977 | D:9      | Noticed Harold
  8989 | D:9      | Killed Harold
  9919 | D:9      | Reached ** piety under the Shining One
 10171 | D:10     | Entered Level 10 of the Dungeon
 10171 | D:10     | Found a shadowy altar of Dithmenos.
 10174 | D:10     | Noticed Erica
 10182 | D:10     | Killed Erica
 10183 | D:10     | Reached skill level 1 in Armour
 10251 | D:10     | Reached skill level 10 in Axes
 10254 | D:10     | Reached XP level 11. HP: 74/106 MP: 16/19
 10459 | D:10     | Found a stormy altar of Qazlal.
 10459 | D:10     | Found a sparkling altar of Nemelex Xobeh.
 10590 | D:10     | Noticed a two-headed ogre
 10598 | D:10     | Killed a two-headed ogre
 10929 | D:10     | Found a white marble altar of Elyvilon.
 11357 | D:11     | Found a frozen archway.
 11581 | IceCv    | Entered an ice cave
 11873 | IceCv    | Reached *** piety under the Shining One
 12340 | IceCv    | Reached **** piety under the Shining One
 12580 | IceCv    | Noticed a bog body
 12580 | IceCv    | Noticed a bog body
 12590 | IceCv    | Killed a bog body
 12591 | IceCv    | Reached skill level 5 in Armour
 12607 | IceCv    | Reached ***** piety under the Shining One
 12617 | IceCv    | Killed a bog body
 12757 | IceCv    | Found the +4 skin of Zhor {*Englaciate rC+++ SInv}
 13188 | D:11     | Found a staircase to the Lair.
 13199 | D:11     | Identified a scroll of acquirement
 13200 | D:11     | Acquired 1243 gold pieces
 13241 | D:11     | Noticed Sonja
 13251 | D:11     | Killed Sonja
 13252 | D:11     | Reached XP level 12. HP: 91/117 MP: 15/21
 13607 | D:11     | Noticed Lodul
 13619 | D:11     | Killed Lodul
 13881 | D:12     | Noticed a two-headed ogre
 13888 | D:12     | Killed a two-headed ogre
 14176 | D:12     | Found a staircase to the Orcish Mines.
 14600 | D:12     | Found a transporter.
 14607 | D:12     | Found a bloodstained altar of Trog.
 14607 | D:12     | Noticed Bouty's ghost (journeyman TrMo)
 14607 | D:12     | Noticed a tengu warrior
 14608 | D:12     | Noticed a two-headed ogre
 14608 | D:12     | Noticed a two-headed ogre
 14619 | D:12     | Found the +6 arbalest "Damnation" {damnation}
 14626 | D:12     | Found a transporter.
 14995 | D:13     | Got the Octavo of the Deep Freeze and the Curse
 15098 | Lair:1   | Entered Level 1 of the Lair of Beasts
 15181 | Lair:1   | Reached skill level 15 in Fighting
 15574 | Lair:1   | Reached XP level 13. HP: 71/127 MP: 23/23
 16339 | Lair:1   | Reached skill level 1 in Shields
 17632 | Lair:3   | Found a staircase to the Snake Pit.
 17640 | Lair:3   | Found a staircase to the Shoals.
 17771 | Lair:3   | Reached skill level 5 in Shields
 17777 | Lair:3   | Reached skill level 15 in Axes
 18741 | Lair:4   | Found a runed translucent door.
 18987 | Lair:4   | Found a staircase to the Slime Pits.
 19086 | Lair:5   | Entered Level 5 of the Lair of Beasts
 19093 | Lair:5   | Identified the +4 great sword of Feav Neu {antimagic, Str+3
                  | Int+7 Dex-4}
 19291 | Lair:5   | Reached XP level 14. HP: 122/135 MP: 25/25
 19393 | Lair:5   | Reached skill level 15 in Invocations
 20985 | Orc:1    | Entered Level 1 of the Orcish Mines
 21251 | Orc:2    | Entered Level 2 of the Orcish Mines
 21264 | Orc:2    | Found a roughly hewn altar of Beogh.
 21445 | Orc:2    | Found a runed translucent gate.
 21445 | Orc:2    | Found a runed translucent gate.
 21445 | Orc:2    | Found a runed translucent gate.
 21445 | Orc:2    | Noticed tish's ghost (journeyman OpFi)
 21448 | Orc:2    | Found an opulent altar of Gozag.
 21451 | Orc:2    | Found Guiramm's Assorted Antiques.
 21493 | Orc:2    | Found Oraamaun's General Store.
 21498 | Orc:2    | Found Woites's Magic Scroll Emporium.
 21630 | Orc:2    | Bought a scroll of acquirement for 728 gold pieces
 21630 | Orc:2    | Acquired 1182 gold pieces
 21632 | Orc:2    | Bought a scroll of fear for 56 gold pieces
 21782 | Orc:2    | Found a staircase to the Elven Halls.
 21842 | Orc:2    | Reached ****** piety under the Shining One
 21866 | Orc:2    | Reached skill level 10 in Shields
 21868 | Orc:2    | Gained mutation: [You are dopey. (Int -2)] [a neqoxec]
 22247 | Orc:2    | Reached XP level 15. HP: 146/146 MP: 25/27
 22302 | Orc:2    | Found Icaraumo's Antique Armour Shop.
 22302 | Orc:2    | Found Misk's Jewellery Boutique.
 22303 | Orc:2    | Found a one-way gate leading to the halls of Pandemonium.
 22326 | Orc:2    | Bought an obsidian-encrusted scale mail for 243 gold pieces
 22326 | Orc:2    | Identified the +3 scale mail of the Valley {Dex+3 Slay+4}
                  | (You bought it in a shop on level 2 of the Orcish Mines)
 22326 | Orc:2    | Bought a runed helmet for 202 gold pieces
 22326 | Orc:2    | Bought a distressingly furry chain mail for 256 gold pieces
 22326 | Orc:2    | Identified the +7 chain mail of Precision Catastrophes
                  | {Harm Fly} (You bought it in a shop on level 2 of the
                  | Orcish Mines)
 22326 | Orc:2    | Bought a steaming robe for 153 gold pieces
 22326 | Orc:2    | Identified the +1 robe "Pauty" {Fly rN+} (You bought it in
                  | a shop on level 2 of the Orcish Mines)
 22387 | Orc:2    | Bought a ring of willpower for 400 gold pieces
 22541 | Orc:2    | Killed tish's ghost
 22553 | Orc:2    | Bought a potion of resistance for 280 gold pieces
 22553 | Orc:2    | Bought a scroll of teleportation for 84 gold pieces
 22553 | Orc:2    | Bought a scroll of fear for 112 gold pieces
 22833 | Elf:1    | Entered Level 1 of the Elven Halls
 23469 | D:13     | Lost mutation: You expend magic power (3 MP) to strengthen
                  | your wands. [potion of mutation]
 23469 | D:13     | Lost mutation: You have sharp toenails. [potion of
                  | mutation]
 23469 | D:13     | Lost mutation: You occasionally lose the ability to drink
                  | potions when taking damage. [potion of mutation]
 23469 | D:13     | Lost mutation: [You are dopey. (Int -2)] [potion of
                  | mutation]
 23469 | D:13     | Gained mutation: You have hidden genetic defects. [potion
                  | of mutation]
 23469 | D:13     | Gained mutation: Your flesh is cold resistant. (rC+)
                  | [potion of mutation]
 24278 | D:13     | Found a gate to the Vaults.
 24359 | D:14     | Noticed Snorg
 24383 | D:14     | Killed Snorg
 24743 | D:14     | Gained mutation: You are vulnerable to heat. (rF-) [hidden
                  | defects]
 25136 | D:14     | Found an ornate altar of the Wu Jian Council.
 25572 | D:15     | Entered Level 15 of the Dungeon
 25897 | D:15     | Found a runed translucent gate.
 25898 | D:15     | Found a runed translucent gate.
 25899 | D:15     | Found a runed translucent gate.
 25908 | D:15     | Found an ancient bone altar of Kikubaaqudgha.
 25908 | D:15     | Noticed a lich
 25908 | D:15     | Noticed a lich
 25908 | D:15     | Noticed a lich
 25909 | D:15     | Noticed a lich
 25910 | D:15     | Noticed Ytuir's ghost (adept KoGl)
 26236 | D:15     | Found a staircase to the Depths.
 26285 | D:15     | Killed Ytuir's ghost
 26285 | D:15     | Killed a lich
 26286 | D:15     | Reached XP level 16. HP: 159/159 MP: 18/29
 26287 | D:15     | Killed a lich
 26289 | D:15     | Killed a lich
 26293 | D:15     | Killed a lich
 26302 | D:15     | Identified the amulet of Qoasch {Acrobat rElec rN+}
 26319 | D:15     | Identified the +0 cloak "Goreipt" {Int+3 Dex-2 Slay+3}
 26435 | D:12     | Killed Bouty's ghost
 26458 | D:12     | Gained mutation: Your spells are a little easier to cast,
                  | but a little less powerful. [hidden defects]
 26458 | D:12     | Lost mutation: You have hidden genetic defects. [hidden
                  | defects expressed]
 26622 | D:5      | Killed Ancymon's ghost
 26807 | Snake:1  | Entered Level 1 of the Snake Pit
 27075 | Snake:1  | Found Zaogame's Book Boutique.
 27221 | Snake:1  | Found Sunkoisk's Antique Armour Boutique.
 27417 | Snake:1  | Found Kyasch's Antique Weapon Shoppe.
 28846 | Snake:2  | HP: 4/160 [guardian serpent/bolt of poison (31)]
 29852 | Snake:2  | Found a runed translucent gate.
 30191 | Snake:2  | Found a runed translucent gate.
 30191 | Snake:2  | Found a runed translucent gate.
 30218 | Snake:2  | Noticed a nagaraja
 30238 | Snake:1  | HP: 8/161 [poisoned by nagaraja (concentrated venom)]
 31393 | Abyss:2  | Found a corrupted altar of Lugonu.
 31393 | Abyss:2  | Cast into level 2 of the Abyss (a deep elf sorcerer)
 31533 | Abyss:2  | Found a corrupted altar of Lugonu.
 31544 | Abyss:2  | Reached XP level 17. HP: 168/168 MP: 30/30
 31573 | Abyss:2  | Noticed a bone dragon
 31582 | Abyss:2  | Noticed a tentacled starspawn
 31587 | Abyss:2  | Killed a bone dragon
 31590 | Abyss:2  | Killed a tentacled starspawn
 31662 | Abyss:2  | Found a corrupted altar of Lugonu.
 31669 | Abyss:2  | Found a corrupted altar of Lugonu.
 31671 | Abyss:2  | Paralysed by accursed screaming for 1 turns
 31689 | Abyss:2  | HP: 2/117 [ten-headed hydra (shapeshifter) (11)]
 31689 | Abyss:2  | Mangled by a ten-headed hydra (shapeshifter)

Illustrated notes

Levels and vault maps discovered:
D:1:      dpeg_arrival_tiny_a, layout_basic
D:2:      layout_loops_corners
D:3:      layout_basic, nicolae_gozag_zags_fifth_avenue, serial_aquarium,
          aquarium_bridge_straight [aquarium_subvault_bridge,
          aquarium_subvault_balcony, aquarium_subvault_bridge,
          aquarium_subvault_wall], aquarium_bridge_square
          [aquarium_subvault_bridge, aquarium_subvault_bridge,
          aquarium_subvault_balcony, aquarium_subvault_wall], aquarium_window_1,
          aquarium_window_2, aquarium_window_fake, aquarium_window_fake,
          aquarium_view_2e, aquarium_view_2a, uniq_crazy_yiuf_cottage
D:4:      layout_loops_corners, fedhas_altar_decomposition,
          grunt_temple_overflow_cloverleaf, tso_altar, lemuel_doored_altar
D:5:      layout_basic, ebering_ghost_rock_garden,
          hangedman_decor_clover_reticule, uniq_prince_ribbit1
D:6:      layout_layer_cave, minmay_misc_feat_cross,
          minmay_misc_feat_more_columns, minivault_10, uniq_duvessa
D:7:      layout_basic, mainiacjoe_overflow_six_doors_small,
          fiery_altar_vehumet, slow_altar_2, lemuel_temple_firewalk_a,
          minmay_fractal_squares_5
D:8:      layout_basic, nicolae_hepliaklqana_hippocampus,
          minmay_misc_feat_encased
D:9:      layout_gridville, uniq_harold
D:10:     layout_basic, lemuel_tele_altar, lemuel_crystal_altar,
          elyvilon_altar_1, grunt_qazlal_clouds, uniq_erica
D:11:     layout_long_grid, lair_entry_dummy, portal_ice_cave_entry_pillars_1,
          uniq_lodul, uniq_sonja
D:12:     layout_loops_ring, zombieorc1_lemuel,
          gammafunk_ghost_wrathful_warriors, chequers_serial_rivers_room_b
D:13:     layout_gridville, david_vaults_5
D:14:     layout_basic, nicolae_wu_jian_immortal_techniques, minivault_19,
          uniq_snorg
D:15:     grunt_enter_depths_magical_seal, layout_cross, gammafunk_ghost_crypt
Lair:1:   layout_hall_layers, beast_lair_carwin_10, grunt_megastairs_5
Lair:2:   layout_big_grid, wad_woods_road_01, patterned_corridor,
          grunt_megastairs_2
Lair:3:   layout_big_grid, elwin_shoals_entry_rocks, dummy_snake_entry
Lair:4:   layout_cave_pods, slime_entry_2, cheibrodos_lair_lostbears
Lair:5:   minmay_lair_end_enchanted_forest, layout_gridlike
Snake:1:  layout_basic, serial_shops, shop, minmay_shop_star,
          serial_bayou_shore_a, lemuel_fruit_tree
Snake:2:  layout_gridlike, gammafunk_ghost_cemetery, grunt_megastairs_4
Orc:1:    layout_caves
Orc:2:    pf_orc_diabolical, layout_caves, ebering_ghost_gozag, basic_altar
Elf:1:    eino_elf_arrival_customs, layout_loops_cross, basic_altar,
          minmay_elf_demonology
Abyss:2:  base:
D:3

Skill      XL: |  1  2  3  4  5  6  7  8  9 10 11 12 13 14 15 16 17 |
---------------+----------------------------------------------------+-----
Fighting       | 2 3 4 5 7 8 9 10 11 12 14 15 16 18 19 | 19.6
Invocations    | 3 5 7 9 11 13 14 16 18 19 | 19.9
Axes           | 4 7 10 11 13 16 | 16.3
Armour         | 2 5 8 9 |  9.1
Shields        | 7 10 12 14 | 14.4
Dodging        | 2 3 |  3.0
Ranged Weapons | |  1.7
Spellcasting   | |  1.0
Hexes          | |  3.0

Action                     |  1- 3 |  4- 6 |  7- 9 | 10-12 | 13-15 | 16-18 || total
---------------------------+-------+-------+-------+-------+-------+-------++-------
  Melee: Club              |       |     8 |     6 |       |       |       ||    14
         War axe           |       |       |   142 |   419 |   828 |   335 ||  1724
         Kick              |       |       |    45 |   185 |   257 |       ||   487
         Punch             |       |       |     1 |     7 |       |       ||     8
         Scimitar          |       |       |       |       |     5 |       ||     5
   Fire: Sling             |   152 |   120 |    90 |       |       |       ||   362
  Throw: Throwing net      |       |       |       |       |       |     1 ||     1
 Invoke: Divine Shield     |       |       |     3 |    13 |    21 |     2 ||    39
         Cleansing Flame   |       |       |       |     2 |    11 |    18 ||    31
         Summon Divine War |       |       |       |       |     2 |     1 ||     3
  Evoke: Wand              |       |       |     2 |     9 |       |       ||    11
    Use: Scroll            |     5 |     8 |    12 |     9 |     3 |     1 ||    38
         Potion            |     1 |     2 |    14 |     3 |     4 |     8 ||    32
 Armour: Robe              |    14 |     4 |       |       |       |       ||    18
         Chain mail        |       |    40 |   122 |    28 |       |       ||   190
         Skin              |       |       |     6 |       |       |       ||     6
         Acid dragon scale |       |       |       |    33 |       |       ||    33
         Crystal plate arm |       |       |       |    33 |       |       ||    33
         Animal skin       |       |       |       |    20 |   116 |    36 ||   172
  Dodge: Dodged            |    35 |    24 |    86 |   112 |   161 |   107 ||   525
  Block: Other             |     3 |    12 |    45 |    80 |     4 |       ||   144
         Reflection        |       |       |       |     2 |    16 |    13 ||    31
         Kite shield       |       |       |       |       |   636 |   150 ||   786
